 Dungeon Crawl Stone Soup version 0.26-a0-366-gd6aadd2 (webtiles) character file.

Game seed: 17744984519070291226

97 Crimsoncloak the Conjurer (level 4, 0/28 HPs)
             Began as an Octopode Conjurer on July 19, 2020.
             Succumbed to a worker ant's poison
             ... on level 3 of the Dungeon.
             The game lasted 00:05:27 (2973 turns).

Crimsoncloak the Conjurer (Octopode Conjurer)       Turns: 2973, Time: 00:05:27

Health: 0/28       AC:  1    Str:  6    XL:     4   Next: 68%
Magic:  0/7        EV: 13    Int: 21    God:
Gold:   98         SH:  0    Dex: 10    Spells: 7/8 levels left

rFire    . . .     SeeInvis .   n - +1 dagger
rCold    . . .     Faith    .   (no shield)
rNeg     . . .     Spirit   .   (helmet restricted)
rPois    .         Reflect  .   (no amulet)
rElec    .         Harm     .   (no ring)
rCorr    .                      (no ring)
MR       .....                  (no ring)
Stlth    +++.......             (no ring)
HPRegen  0.09/turn              (no ring)
MPRegen  0.10/turn              (no ring)
                                (no ring)
                                (no ring)

@: lethally poisoned (0 -> -15)
A: almost no armour, stealthy swim, amphibious, 8 rings, constrict 8, camouflage
1, gelatinous body 1
a: no special abilities


You were on level 3 of the Dungeon.
You visited 1 branch of the dungeon, and saw 3 of its levels.

You collected 98 gold pieces.

Inventory:

Hand Weapons
 n - a +1 dagger (weapon)
Scrolls
 a - a scroll of amnesia
Potions
 b - 2 potions of stabbing
 c - 4 potions of curing
 h - 3 potions of heal wounds
 i - a potion of mutation
 m - a potion of berserk rage {unknown}


   Skills:
 + Level 1.5 Fighting
 + Level 2.7 Dodging
 - Level 2.6 Stealth
 + Level 2.5 Spellcasting
 * Level 4.8 Conjurations


You had 7 spell levels left.
You knew the following spells:

 Your Spells              Type           Power        Failure   Level
a - Magic Dart            Conj           ###.         1%          1

Your spell library contained the following spells:

 Spells                   Type           Power        Failure   Level
 Searing Ray              Conj           ###...       2%          2
 Dazzling Flash           Conj/Hex       ##....       16%         3
 Fulminant Prism          Conj/Hex       ##........   45%         4
 Iskenderun's Mystic Bla  Conj/Tloc      ##......     45%         4


Dungeon Overview and Level Annotations

Branches:
Dungeon (3/15)

Altars:
Ashenzari
Dithmenos


Innate Abilities, Weirdness & Mutations

You cannot wear most types of armour.
You are very stealthy in the water. (Stealth+)
You are amphibious.
You can wear up to eight rings at the same time.
You can use your tentacles to constrict eight enemies at once.
Your skin changes colour to match your surroundings (Stealth+).
Your rubbery body absorbs attacks. (AC +1, EV +1)


Message History

You grab the worker ant.
The worker ant is heavily wounded.
You constrict the worker ant, but do no damage.
* * * LOW HITPOINT WARNING * * *
You feel sick. The worker ant closely misses you.
You completely miss the worker ant.
The worker ant is heavily wounded.
You constrict the worker ant, but do no damage.
* * * LOW HITPOINT WARNING * * *
You feel sick. The worker ant bites you.
* * * LOW HITPOINT WARNING * * *
You are more poisoned.
The worker ant poisons you! The worker ant closely misses you.
You hit the worker ant.
The worker ant is heavily wounded.
You constrict the worker ant.
* * * LOW HITPOINT WARNING * * *
You feel sick. The worker ant barely misses you.
You release your grip on the worker ant.
You die...

#.#
.#..
#.##
....
#..
.....
#..
....
#.#...
#.#.#
#<..#
##.###
#.@.<#
#....#
#.a..#
#....#
##.#.#
#.#.#
#.#..
#.####
#.#


You could see a worker ant.

Vanquished Creatures
  3 adders (D:2)
  An ooze (D:1)
  A worm (D:2)
  3 dart slugs
  2 leopard geckos
  8 bats
  5 giant cockroaches
  5 goblins
  4 hobgoblins
  6 jackals (D:2)
  2 kobolds (D:1)
  A ball python (D:1)
  6 frilled lizards
  7 rats
54 creatures vanquished.

Notes
Turn   | Place    | Note
-------+----------+-------------------------------------------
     0 | D:1      | Crimsoncloak the Octopode Conjurer began the quest for the
                  | Orb.
     0 | D:1      | Reached XP level 1. HP: 11/11 MP: 3/3
   170 | D:1      | Reached XP level 2. HP: 18/18 MP: 1/5
   510 | D:1      | Reached XP level 3. HP: 20/22 MP: 0/6
   602 | D:1      | Reached skill level 1 in Fighting
  1952 | D:2      | Reached XP level 4. HP: 5/28 MP: 5/7
  2298 | D:2      | Found a shattered altar of Ashenzari.
  2409 | D:2      | Found a shadowy altar of Dithmenos.
  2972 | D:3      | HP: 1/28 [poisoned by a worker ant]
  2973 | D:3      | Succumbed to a worker ant's poison

Illustrated notes

Levels and vault maps discovered:
D:1:      giann_forest_graveyard, layout_rooms, due_unseen_surprise
D:2:      layout_basic, ashenzari_altar_1, grunt_dithmenos_smoke
D:3:      layout_basic, minmay_puff

Skill      XL: |  1  2  3 |
---------------+----------+-----
Fighting       | 1 |  1.5
Dodging        | |  2.7
Stealth        | |  2.6
Spellcasting   | |  2.5
Conjurations   | |  4.8

Action                   |  1- 3 |  4- 6 || total
-------------------------+-------+-------++-------
Melee: Whip              |    23 |       ||    23
       Tentacles         |     2 |       ||     2
       Constrict         |     5 |     5 ||    10
       Dagger            |       |    17 ||    17
 Cast: Magic Dart        |    70 |    36 ||   106
  Use: Scroll            |       |    11 ||    11
 Stab: Sleeping          |       |     1 ||     1
Armor: Skin              |     4 |     6 ||    10
Dodge: Dodged            |    25 |    31 ||    56

Table legend: (Time is in decaauts)
 A = Elapsed time spent in this place.
 B = Non-inter-level travel time spent in this place.
 C = Inter-level travel time spent in this place.
 D = Time resting spent in this place.
 E = Time spent auto-exploring this place.
 F = Levels seen in this place.
 G = Mean time per level.
                   A        B        C        D        E       F      G
               +--------+--------+--------+--------+--------+-----+--------+
         Total |   2973 |   2947 |     26 |   1497 |    828 |   3 |  991.0 |
       Dungeon |   2973 |   2947 |     26 |   1497 |    828 |   3 |  991.0 |
               +--------+--------+--------+--------+--------+-----+--------+
